AoeStats
← [CL] Al3jandr0.magn00

MegaRandom

504264977Analyzed
1v1 RM · 28d ago on Sep 4, 2026· 32m 14s· 2 players
Game mode
Random Map
Map size
Tiny (2 player)
Population
200
Speed
Normal
Resources
Standard
Victory
Conquest
Starting age
Dark Age
Ending age
Imperial Age
RankedLock teamsTeams togetherTeam positionsShared explorationLock speedFull tech treeHidden civsTurbo modeCheats
Victory
Defeat
🇩🇪 Huns · Germany
2022
+11
🇦🇷 Bengalis · Argentina
1900
-11
[CL] Al3jandr0.magn00
9:31 Loom
11:16 Feudal Age
15:32 Castle Age
13:44 Double-Bit Axe
15:08 Fletching
16:41 Bow Saw
18:16 Gold Mining
19:05 Bodkin Arrow
21:32 Town Watch
23:11 Ballistics
24:53 Padded Archer Armor
nC_Future
8:04 Loom
10:28 Feudal Age
11:02 Double-Bit Axe
16:52 Castle Age
17:13 Bloodlines
16:54 Fletching
18:05 Bodkin Arrow
20:09 Padded Archer Armor
23:30 Husbandry
27:57 Ballistics
28:45 Wheelbarrow
29:29 Thumb Ring
30:33 Leather Archer Armor
Connection lost

Rejoining the realm…

Still unreachable

The connection could not be restored.

Session expired

The server has moved on; the page needs a fresh start.